 Dungeon Crawl Stone Soup version 0.28-a0-425-gd0eccab798 (webtiles) character file.

Game seed: 4695917373055125795

19296 Jawa73 the Spear-Bearer (level 12, -3/90 HPs)
             Began as an Octopode Fighter on Sept 9, 2021.
             Was an Initiate of Gozag.
             Slain by a cane toad (18 damage)
             ... on level 3 of the Lair of Beasts.
             The game lasted 01:05:07 (12072 turns).

Jawa73 the Spear-Bearer (Octopode Fighter)         Turns: 12072, Time: 01:05:08

Health: -3/90      AC:  8    Str: 29    XL:     12   Next: 67%
Magic:  12/12      EV: 16    Int: 13    God:    Gozag
Gold:   1211       SH:  8    Dex: 12    Spells: 10/11 levels left

rFire   + . .      SeeInvis +   a - +9 trident (protect)
rCold   + . .      Faith    .   j - +2 buckler
rNeg    . . .      Spirit   .   (helmet restricted)
rPois   .          Reflect  .   n - amulet of regeneration
rElec   +          Harm     .   f - +6 ring of strength
rCorr   +          Rampage  .   k - ring of see invisible
Will    +....                   l - ring "Loann" {Ice rElec Str+4}
Stlth   +++++.....              m - ring of resist corrosion
HPRegen 1.25/turn               o - ring of fire
MPRegen 0.13/turn               u - ring of protection from cold
                                p - ring of willpower
                                I - ring "Eran" {rElec rF+ Int+2 Slay+3}

@: lethally poisoned (-3 -> -13), gold aura, under a protective aura, studying
Polearms
A: almost no armour, amphibious, 8 rings, camouflage 1, gelatinous body 1,
(nimble swimmer 1), tentacles
a: Renounce Religion, Potion Petition, Call Merchant, Bribe Branch


You were on level 3 of the Lair of Beasts.
You worshipped Gozag.
Gozag was most pleased with you.
You visited 3 branches of the dungeon, and saw 15 of its levels.
You also visited: Ossuary and Bailey.

You collected 4341 gold pieces.
You spent 2465 gold pieces at shops.
You paid 665 gold pieces to Gozag.

Inventory:

Hand Weapons
 a - a +9 trident of protection (weapon)
 b - the +7 pair of quick blades "Gyre" and "Gimble" {protect}
   (You found it on level 2 of the Lair of Beasts)

   It grants its wielder temporary protection when it strikes (+7 to AC).
 M - the +10 long sword of Empiops {venom, rC+ rCorr}
   (You found it on level 2 of the Lair of Beasts)

   It poisons the flesh of those it strikes.
   rC:        It protects you from cold.
   rCorr:     It protects you from acid and corrosion.
Missiles
 d - a throwing net
 G - 65 boomerangs (quivered)
Armour
 j - a +2 buckler (worn)
Jewellery
 f - a +6 ring of strength (left tentacle)
 k - a ring of see invisible (right tentacle)
 l - the ring "Loann" (on tentacle) {Ice rElec Str+4}
   (You bought it in a shop on level 1 of the Dungeon)

   [ring of ice]

   It enhances your ice magic.
   Str:       It affects your strength (+4).
   rF:        It makes you vulnerable to fire.
   rC:        It protects you from cold.
   rElec:     It insulates you from electricity.
 m - a ring of resist corrosion (on tentacle)
 n - an amulet of regeneration (around mantle)
 o - a ring of fire (on tentacle)
 p - a ring of willpower (on tentacle)
 u - a ring of protection from cold (on tentacle)
 v - a ring of magical power
 H - an amulet of magic regeneration
 I - the ring "Eran" (on tentacle) {rElec rF+ Int+2 Slay+3}
   (You bought it in a shop on level 6 of the Dungeon)

   [ring of protection from fire]

   Int:       It affects your intelligence (+2).
   Slay:      It affects your accuracy & damage with ranged weapons and melee
   (+3).
   rF:        It protects you from fire.
   rElec:     It insulates you from electricity.
Wands
 C - a wand of digging (7)
 E - a wand of flame (25)
 J - a wand of paralysis (20)
 L - a wand of acid (9)
Scrolls
 i - 4 scrolls of fog
 q - a scroll of amnesia
 r - 3 scrolls of immolation
 s - 3 scrolls of noise
 x - 4 scrolls of teleportation
 y - 3 scrolls of blinking
 A - 5 scrolls of identify
 D - 2 scrolls of vulnerability
 F - 4 scrolls of fear
Potions
 c - 4 potions of might
 e - a potion of brilliance
 g - 2 potions of lignification
 h - 5 potions of heal wounds
 t - 2 potions of mutation
 w - 2 potions of attraction
 z - 7 potions of curing
 B - 4 potions of haste
 K - a potion of invisibility


   Skills:
 * Level 11.1 Fighting
 - Level 14.0 Polearms
 * Level 9.2 Dodging
 * Level 8.0 Stealth
 * Level 8.5 Shields
 - Level 1.4 Evocations


You had 10 spell levels left.
You knew the following spells:

 Your Spells              Type           Power      Damage    Failure   Level
a - Animate Skeleton      Necr           0%         N/A       30%         1

Your spell library contained the following spells:

 Spells                   Type           Power      Damage    Failure   Level
 Corpse Rot               Necr/Air       N/A        N/A       43%         2
 Ensorcelled Hibernation  Hex/Ice        0%         N/A       43%         2
 Poisonous Vapours        Pois/Air       0%         N/A       43%         2
 Slow                     Hex            0%         N/A       43%         2
 Confusing Touch          Hex            0%         N/A       67%         3
 Inner Flame              Hex/Fire       0%         N/A       67%         3
 Spider Form              Tmut/Pois      0%         N/A       67%         3
 Cause Fear               Hex            0%         N/A       97%         4
 Fulminant Prism          Conj/Hex       0%         3d6       97%         4
 Iskenderun's Mystic Bla  Conj/Tloc      0%         2d3       97%         4
 Blade Hands              Tmut           0%         N/A       100%        5
 Irradiate                Conj/Tmut      0%         3d13      100%        5
 Lee's Rapid Deconstruct  Erth           0%         3d5*      100%        5
 Yara's Violent Unravell  Hex/Tmut       0%         3d3       100%        5
 Dragon Form              Tmut           0%         N/A       100%        7
 Discord                  Hex            0%         N/A       100%        8
 Dragon's Call            Summ           0%         N/A       100%        9


Dungeon Overview and Level Annotations

Branches:
Dungeon (11/15)            Temple (1/1) D:4            Lair (3/6) D:11
  Swamp (0/4) Lair:2          Orc (0/2) D:9         Ossuary (visited)
 Bailey (visited)
  Snake: Lair:2-4    Spider: Lair:2-4

Altars:
Ashenzari
Dithmenos
Elyvilon
Fedhas
Gozag
Hepliaklqana
Kikubaaqudgha
Makhleb
Nemelex Xobeh
Ru
Sif Muna
Trog
Vehumet
Xom
Zin
The Shining One

Shops:
D:1 =   D:3 [   D:5 *   D:6 =   Lair:1 *

Portals:
Abyss: Lair:3

Annotations:
Lair:3 2 transporters, Jugh's ghost, journeyman DDFi


Innate Abilities, Weirdness & Mutations

You cannot wear most types of armour.
You are amphibious.
You can wear up to eight rings at the same time.
Your skin changes colour to match your surroundings (Stealth+).
Your rubbery body absorbs attacks. (AC +1, EV +1)
((You are camouflaged near water. (Stealth+)))
You have tentacles for arms and can constrict up to eight enemies at once.


Message History

The six-headed hydra is severely wounded.
Unknown command.
You puncture the six-headed hydra!
The six-headed hydra is almost dead.
The six-headed hydra bites you. x2; The six-headed hydra bites you! x2
The six-headed hydra barely misses you. The six-headed hydra bites you.
Unknown command.
You barely miss the six-headed hydra.
The six-headed hydra is almost dead.
Unknown command.
You hit the six-headed hydra.
The six-headed hydra is almost dead.
The six-headed hydra bites you but does no damage.
The six-headed hydra completely misses you.
The six-headed hydra bites you but does no damage.
The six-headed hydra bites you. The six-headed hydra bites you!
You block the six-headed hydra's attack.
The cane toad misses you.
You puncture the six-headed hydra!
You kill the six-headed hydra!
The cane toad closely misses you.
Your Stealth skill increases to level 8!
You hit the cane toad but do no damage. You grab the cane toad.
You constrict the cane toad. The cane toad misses you.
You hit the cane toad. You squeeze the cane toad!
The cane toad is moderately wounded.
You constrict the cane toad, but do no damage.
The cane toad stings you!
* * * LOW HITPOINT WARNING * * *
You are poisoned.
The cane toad poisons you!
A fire crab comes into view.
The cane toad stings you!
* * * LOW HITPOINT WARNING * * *
You release your grip on the cane toad.
* * * LOW HITPOINT WARNING * * *
You feel very sick. You block the bullfrog's attack. The cane toad stings you!!
You die...
Your body crumbles into a pile of gold.

.. $ ..## #........
#....# #......#....#...
#...# #..............
##...# #.....#......
##....#####.....#....#
..#....##...#.###....#
................FF...##..
....##..........@.F......
........................t
.........###..###........
....###.#♣i#### #♣.......
....#####ux. .......
....#cWuh##.. .......
....##u...##.. #......
.....#...#. ### #.....
.....♣#.## #. ....


You could see 2 cane toads and a bullfrog.

Vanquished Creatures
  A catoblepas (Lair:2)
  A death knight (D:9)
  A hydra (Lair:3)
  2 bog bodies (Lair:2)
  A manticore (D:11)
  A cyclops (D:11)
  5 cane toads
  4 komodo dragons
  The ghost of Musti the Slasher, an amateur MiMo (D:3)
  3 trolls
  A polar bear (Lair:3)
  9 blink frogs
  A shadow (D:10)
  2 wraiths
  17 yaks
  A basilisk (Lair:1)
  A steam dragon (D:5)
  7 water moccasins
  Duvessa (D:6)
  A sky beast (D:7)
  5 orc warriors
  A black bear (D:5)
  2 ice beasts
  14 wolves
  3 ogres
  3 necrophages
  8 centaurs
  A phantom (D:5)
  2 kobold brigands
  9 bullfrogs
  2 gnoll sergeants
  Dowan (D:6)
  5 scorpions
  A wyvern skeleton (D:5)
  13 wights (D:8)
  A howler monkey (D:5)
  2 human zombies (Ossuary)
  A jelly (D:6)
  2 centaur zombies
  A hound (D:5)
  8 orc priests
  A bullfrog skeleton (D:5)
  2 centaur skeletons
  3 iguanas
  11 orc wizards
  A killer bee zombie (D:8)
  A hound zombie (D:5)
  3 mummies (Ossuary)
  11 gnolls
  8 adders
  A white imp (D:6)
  An ufetubus (D:7)
  An adder skeleton (D:4)
  3 dart slugs
  2 worms
  52 orcs
  8 endoplasms
  4 giant cockroaches
  9 goblins
  10 hobgoblins
  3 jackals (D:5)
  6 quokkas
  10 ball pythons
  6 bats
  2 frilled lizards (D:1)
  5 goblin zombies (Ossuary)
  3 hobgoblin zombies (Ossuary)
  28 kobolds
  2 kobold zombies (Ossuary)
  3 rats
346 creatures vanquished.

Vanquished Creatures (collateral kills)
  An adder (D:3)
  An endoplasm (D:3)
2 creatures vanquished.

Vanquished Creatures (others)
  2 fungi (D:2)
  4 plants
6 creatures vanquished.

Grand Total: 354 creatures vanquished

Notes
Turn   | Place    | Note
-------+----------+-------------------------------------------
     0 | D:1      | Jawa73 the Octopode Fighter began the quest for the Orb.
     0 | D:1      | Reached XP level 1. HP: 16/16 MP: 1/1
   160 | D:1      | Reached XP level 2. HP: 21/21 MP: 2/2
   603 | D:1      | Reached XP level 3. HP: 24/26 MP: 3/3
  1008 | D:1      | Found Liqus's Jewellery Emporium.
  1221 | D:2      | Found a faded altar of an unknown god.
  1236 | D:2      | Got Plato's Grimoire of Evil
  1239 | D:2      | Learned a level 1 spell: Animate Skeleton
  1261 | D:2      | Noticed a necrophage
  1271 | D:2      | Killed a necrophage
  1272 | D:2      | Reached skill level 3 in Polearms
  1272 | D:2      | Reached XP level 4. HP: 7/33 MP: 4/4
  1272 | D:2      | Reached XP level 5. HP: 7/37 MP: 5/5
  2346 | D:3      | Noticed Musti's ghost (amateur MiMo)
  2348 | D:3      | Found a transporter.
  2358 | D:3      | Reached skill level 4 in Polearms
  2418 | D:3      | Found a transporter.
  2440 | D:3      | Reached XP level 6. HP: 18/43 MP: 6/6
  2670 | D:3      | Found Bobreump's Armour Boutique.
  2825 | D:3      | Identified a scroll of acquirement
  2825 | D:3      | Acquired 1189 gold pieces
  2933 | D:1      | Bought a ring of see invisible for 150 gold pieces
  2933 | D:1      | Bought the ring "Loann" {Ice rElec Str+4} for 474 gold
                  | pieces
  2933 | D:1      | Bought a ring of resist corrosion for 200 gold pieces
  2933 | D:1      | Bought an amulet of regeneration for 300 gold pieces
  3391 | D:4      | Found a staircase to the Ecumenical Temple.
  3398 | Temple   | Entered the Ecumenical Temple
  3428 | Temple   | Became a worshipper of Gozag Ym Sagoz the Greedy
  3581 | D:4      | Found a radiant altar of Vehumet.
  3731 | D:4      | Noticed a necrophage
  3735 | D:4      | Killed a necrophage
  3736 | D:4      | Reached skill level 5 in Polearms
  3871 | D:4      | Reached XP level 7. HP: 49/49 MP: 7/7
  4057 | D:4      | Found a glowing golden altar of the Shining One.
  4117 | D:5      | Entered Level 5 of the Dungeon
  4243 | D:5      | Reached skill level 6 in Polearms
  4350 | D:5      | Reached XP level 8. HP: 54/54 MP: 8/8
  4398 | D:5      | Found Paxoc's Assorted Antiques.
  4403 | D:5      | Bought a scroll labelled USTRUA DAYSKAGH for 34 gold pieces
  4403 | D:5      | Bought a scroll labelled USTRUA DAYSKAGH for 34 gold pieces
  4405 | D:5      | Bought a marble ring for 170 gold pieces
  4405 | D:5      | Bought a small iron ring for 170 gold pieces
  4542 | D:5      | Reached skill level 7 in Polearms
  4582 | D:5      | Reached skill level 5 in Dodging
  4860 | D:6      | Reached skill level 5 in Fighting
  4887 | D:5      | Reached skill level 8 in Polearms
  5001 | D:3      | Killed Musti's ghost
  5002 | D:3      | Reached XP level 9. HP: 41/61 MP: 9/9
  5131 | D:6      | Found Hogu's Jewellery Shoppe.
  5211 | D:6      | Found a shimmering altar of Xom.
  5211 | D:6      | Found a shadowy altar of Dithmenos.
  5212 | D:6      | Found a shimmering blue altar of Sif Muna.
  5261 | D:6      | Reached skill level 5 in Shields
  5296 | D:6      | Noticed Duvessa
  5297 | D:6      | Noticed Dowan
  5308 | D:6      | Killed Duvessa
  5312 | D:6      | Killed Dowan
  5313 | D:6      | Reached skill level 9 in Polearms
  5428 | D:6      | Found a white marble altar of Elyvilon.
  5522 | D:6      | Acquired a manual of Polearms
  5750 | D:7      | Found a sand-covered staircase.
  5757 | Ossuary  | Entered an ossuary
  6087 | Ossuary  | Reached skill level 10 in Polearms
  6300 | D:7      | Noticed a troll
  6310 | D:7      | Killed a troll
  6441 | D:7      | Reached skill level 11 in Polearms
  6535 | D:7      | Reached XP level 10. HP: 57/69 MP: 10/10
  7230 | D:8      | Reached skill level 12 in Polearms
  7290 | D:8      | Found a flagged portal.
  7333 | Bailey   | Entered a bailey
  7390 | Bailey   | Noticed an orc warlord
  7599 | Bailey   | Found a runed translucent gate.
  7599 | Bailey   | Found a runed translucent gate.
  7617 | Bailey   | Found a runed translucent gate.
  7773 | D:6      | Bought the ring "Eran" {rElec rF+ Int+2 Slay+3} for 781
                  | gold pieces
  8479 | D:9      | Found a staircase to the Orcish Mines.
  8496 | D:9      | Reached skill level 13 in Polearms
  8649 | D:9      | Noticed a fire giant
  8649 | D:9      | Noticed a death knight
  8658 | D:9      | Killed a death knight
  8765 | D:9      | Reached XP level 11. HP: 50/77 MP: 11/11
  8881 | D:9      | Found an ancient bone altar of Kikubaaqudgha.
  9250 | D:10     | Entered Level 10 of the Dungeon
  9252 | D:10     | Reached skill level 14 in Polearms
  9504 | D:10     | Found a sacrificial altar of Ru.
  9509 | D:10     | Found a hazy altar of Hepliaklqana.
  9510 | D:10     | Found a bloodstained altar of Trog.
  9513 | D:10     | Found a sparkling altar of Nemelex Xobeh.
  9514 | D:10     | Found a broken altar of Ashenzari.
  9753 | D:11     | Noticed a cyclops
  9756 | D:11     | Noticed a manticore
  9799 | D:11     | Identified the +2 scale mail "Hinagh" {Str+2 Dex+2 Stlth+}
  9813 | D:11     | Killed a manticore
  9814 | D:11     | Reached skill level 1 in Evocations
  9843 | D:11     | Killed a cyclops
  9872 | D:11     | Noticed a four-headed hydra
  9872 | D:11     | Noticed a deep elf pyromancer
  9872 | D:11     | Noticed a red ugly thing
  9872 | D:11     | Noticed a cyclops
  9872 | D:11     | Noticed a centaur warrior
  9872 | D:11     | Noticed a six-headed hydra
  9872 | D:11     | Noticed a cyclops
  9872 | D:11     | Noticed a centaur warrior
 10051 | D:11     | Found a staircase to the Lair.
 10073 | D:11     | Reached skill level 1 in Stealth
 10087 | Lair:1   | Entered Level 1 of the Lair of Beasts
 10459 | Lair:1   | Reached skill level 5 in Stealth
 10804 | Lair:1   | Reached XP level 12. HP: 87/87 MP: 12/12
 10995 | Lair:1   | Bought a glowing gold wand for 152 gold pieces
 11029 | Lair:2   | Found a staircase to the Swamp.
 11038 | Lair:2   | Reached skill level 10 in Fighting
 11296 | Lair:2   | Found the +7 pair of quick blades "Gyre" and "Gimble"
                  | {protect}
 11327 | Lair:2   | Identified the +10 long sword of Empiops {venom, rC+ rCorr}
 11540 | Lair:2   | Noticed a catoblepas
 11557 | Lair:2   | Killed a catoblepas
 11855 | Lair:3   | Found a transporter.
 11862 | Lair:3   | Noticed a hell hog
 11953 | Lair:3   | Found a one-way gate to the infinite horrors of the Abyss.
 11953 | Lair:3   | Noticed Jugh's ghost (journeyman DDFi)
 12006 | Lair:3   | Found a transporter.
 12051 | Lair:3   | Noticed a six-headed hydra
 12069 | Lair:3   | Killed a six-headed hydra
 12072 | Lair:3   | Slain by a cane toad

Illustrated notes

Levels and vault maps discovered:
D:1:      minmay_arrival_up_and_down, layout_loops_ring, serial_shops,
          nicolae_shop_crystal
D:2:      layout_basic, shapermc_ecumenical_altar_rom_forum
D:3:      layout_loops_ring, gammafunk_ghost_arena, serial_shops, shop_statue
D:4:      layout_basic, amcnicky_altar_gilded,
          mainiacjoe_overflow_six_doors_small, minmay_temple_entry_statues
D:5:      layout_gridville, serial_shops, kennysheep_little_box
D:6:      layout_basic, nicolae_overflow_quartered_altars, serial_shops,
          shop_fountains, uniq_duvessa
D:7:      layout_basic, nicolae_ossuary_entry_ruins
D:8:      layout_loops_cross, enter_bailey_5, nrook_campfire
D:9:      layout_roguey, mainiacjoe_overflow_surrounded_room, hiddenorc2_lemuel,
          minmay_evil_grid
D:10:     layout_rooms, minitemple, feat_on_display
D:11:     minmay_the_grid_triangle_9x9_recursive_2
          [minmay_the_grid_triangle_9x9_prize_insulated,
          minmay_the_grid_triangle_9x9_sprig,
          minmay_the_grid_triangle_9x9_windchime,
          minmay_the_grid_triangle_9x9_fully_insulated_deathbox],
          layout_loops_ring, david_lair_shrubbed, minivault_7
Temple:   cyrus_temple_forest
Lair:1:   layout_hall_layers
Lair:2:   layout_long_grid, skrybe_swamp_entry_bodies
Lair:3:   minmay_lair_venomous_thicket, layout_chaotic_city,
          gammafunk_ghost_abyssal_escape, chequers_serial_rivers_marsh,
          bobbens_dragon_lair_wall

Skill      XL: |  1  2  3  4  5  6  7  8  9 10 11 12 |
---------------+-------------------------------------+-----
Polearms       | 3 4 5 6 8 11 13 14 | 14.0
Fighting       | 4 5 6 7 9 11 | 11.1
Dodging        | 4 5 6 7 8 9 |  9.2
Shields        | 4 5 6 7 8 |  8.5
Evocations     | 1 |  1.4
Stealth        | 5 8 |  8.0

Action                   |  1- 3 |  4- 6 |  7- 9 | 10-12 || total
-------------------------+-------+-------+-------+-------++-------
Melee: Trident           |    76 |    90 |   189 |   501 ||   856
       Tentacles         |    11 |    19 |    56 |   102 ||   188
       Constrict         |    16 |    19 |    30 |    69 ||   134
Throw: Boomerang         |       |       |       |    12 ||    12
Invok: Call Merchant     |       |       |       |     1 ||     1
Evoke: Wand              |       |       |       |     2 ||     2
  Use: Scroll            |     3 |     8 |    15 |     6 ||    32
 Stab: Sleeping          |     5 |     7 |     3 |    13 ||    28
       Distracted        |     1 |     1 |     4 |     2 ||     8
Armor: Skin              |     2 |    11 |    32 |    45 ||    90
Dodge: Dodged            |    30 |    48 |    77 |   206 ||   361
Block: Buckler           |     9 |    14 |    42 |   116 ||   181

Table legend: (Time is in decaauts)
 A = Elapsed time spent in this place.
 B = Non-inter-level travel time spent in this place.
 C = Inter-level travel time spent in this place.
 D = Time resting spent in this place.
 E = Time spent auto-exploring this place.
 F = Levels seen in this place.
 G = Mean time per level.
                   A        B        C        D        E       F      G
               +--------+--------+--------+--------+--------+-----+--------+
         Total |  11925 |  10937 |    988 |    266 |   5800 |  17 |  701.5 |
       Dungeon |   9111 |   8224 |    887 |    266 |   4791 |  11 |  828.3 |
        Temple |     53 |     53 |      0 |      0 |      0 |   1 |   53.0 |
          Lair |   1917 |   1816 |    101 |      0 |   1009 |   3 |  639.0 |
       Ossuary |    498 |    498 |      0 |      0 |      0 |   1 |  498.0 |
        Bailey |    345 |    345 |      0 |      0 |      0 |   1 |  345.0 |
               +--------+--------+--------+--------+--------+-----+--------+

Top non-repeatable levels by time:
     D:2: 1324 daAuts
     D:1: 1152 daAuts
     D:3: 1005 daAuts
     D:9: 980 daAuts
  Lair:1: 901 daAuts
     D:7: 860 daAuts
     D:5: 815 daAuts
  Lair:2: 809 daAuts
     D:4: 765 daAuts
     D:6: 711 daAuts
     D:8: 680 daAuts
    D:10: 553 daAuts
 Ossuary: 498 daAuts
  Bailey: 345 daAuts
    D:11: 260 daAuts
